 Dungeon Crawl Stone Soup version 0.23.2-30-g0e89c35 (webtiles) character file.

Game seed: 18117324576964405811

411 pikmin25 the Caller (level 6, -8/33 HPs)
             Began as a Deep Elf Summoner on June 22, 2019.
             Mangled by Duvessa
             ... wielding a +0 short sword
              (10 damage)
             ... on level 5 of the Dungeon.
             The game lasted 00:20:54 (4578 turns).

pikmin25 the Caller (Deep Elf Summoner)             Turns: 4578, Time: 00:20:54

Health: -8/33      AC:  4    Str:  5    XL:     6   Next: 58%
Magic:  14/24      EV: 13    Int: 22    God:
Gold:   243        SH:  0    Dex: 15    Spells: 12/15 levels left

rFire    . . .     SeeInvis .   e - +2 dagger (drain)
rCold    . . .     Gourm    .   (no shield)
rNeg     . . .     Faith    .   a - +0 robe
rPois    .         Spirit   .   (no helmet)
rElec    .         Reflect  .   (no cloak)
rCorr    +         Harm     .   t - +0 pair of gloves
MR       .....                  B - +0 pair of boots
Stlth    +++.......             (no amulet)
HPRegen  0.11/turn              d - ring of magical power
MPRegen  0.19/turn              m - ring of resist corrosion

@: no status effects
A: no striking features
a: no special abilities


You were on level 5 of the Dungeon.
You were not hungry.

You visited 1 branch of the dungeon, and saw 5 of its levels.

You collected 243 gold pieces.

Inventory:

Hand Weapons
 e - a +2 dagger of draining (weapon)
 g - a +1 dagger of protection
 n - a +1 dagger of electrocution
 u - a +1 mace of crushing
 E - the +0 mace of Kegoibbi {holy, rElec rPois}
   (You found it on level 4 of the Dungeon)

   It has been blessed by the Shining One to cause great damage to the undead
   and demons.
   It insulates you from electricity.
   It protects you from poison.
Armour
 a - a +0 robe (worn)
 t - a +0 pair of gloves (worn)
 B - a +0 pair of boots (worn)
Jewellery
 d - a ring of magical power (left hand)
 m - a ring of resist corrosion (right hand)
Wands
 z - a wand of paralysis (17)
 F - a wand of acid (7)
Scrolls
 b - 7 scrolls of identify
 f - a scroll of blinking {unknown}
 o - 2 scrolls of amnesia {unknown}
 s - 3 scrolls of noise {unknown}
 w - 2 scrolls of enchant weapon {unknown}
 y - 3 scrolls of immolation {unknown}
 A - a scroll of teleportation {unknown}
Potions
 i - a potion of resistance
 j - 2 potions of haste
 k - a potion of ambrosia {unknown}
 l - a potion of curing
 p - a potion of agility
 q - a potion of degeneration {unknown}
 r - a potion of flight {unknown}
 x - a potion of brilliance {unknown}
 C - a potion of mutation {unknown}
 D - a potion of lignification {unknown}
Comestibles
 c - 7 rations


   Skills:
 + Level 0.7 Fighting
 + Level 2.3 Short Blades
 + Level 0.2 Maces & Flails
 + Level 3.0 Dodging
 + Level 3.8 Stealth
 + Level 5.2 Spellcasting
 * Level 6.4 Summonings


You had 12 spell levels left.
You knew the following spells:

 Your Spells              Type           Power        Failure   Level  Hunger
a - Summon Small Mammal   Summ           ####         1%          1    None
b - Call Imp              Summ           ####....     1%          2    None

Your spell library contained the following spells:

 Spells                   Type           Power        Failure   Level  Hunger
 Call Canine Familiar     Summ           ####....     1%          3    ##.....
 Summon Guardian Golem    Hex/Summ       ###.....     8%          3    ##.....
 Summon Ice Beast         Ice/Summ       ###.....     26%         4    ####...
 Summon Lightning Spire   Summ/Air       ###.....     26%         4    ####...


Dungeon Overview and Level Annotations

Branches:
Dungeon (5/15)
 Temple: D:4-7

Altars:
Cheibriados
Gozag
Trog
Uskayaw
Vehumet
Xom

Shops:
D:5 [

Annotations:
D:5 Duvessa


Message History

Your crimson imp hits Duvessa but does no damage. x2
Your crimson imp barely misses Duvessa.
Duvessa closely misses your crimson imp.
Your crimson imp hits Duvessa but does no damage.
Your crimson imp closely misses Duvessa.
Duvessa misses your crimson imp.
Your crimson imp closely misses Duvessa.
Your crimson imp disappears in a puff of smoke!
Casting: Summon Small Mammal (safe; 1% risk of failure)
Confirm with . or Enter, or press ? or * to list all spells.
A beastly little devil appears in a puff of frigid air.
Duvessa seems less drained.
Your crimson imp disappears in a puff of smoke!
Your crimson imp blinks!
Duvessa hits you with a +0 short sword!
Ouch! That really hurt!
* * * LOW HITPOINT WARNING * * *
Your crimson imp blinks!
Duvessa hits you with a +0 short sword!
You die...

..................>.#
##..................#
#.........#.........##
#.......#..#...####..#
#..............## #.#
##..............# #.#
...............####.#####
#..............#..§§..§.#
#.............5@e.).5...#
#..............#...§....#
..............##########
............##
#..........##
############


You could see Duvessa (berserk), a friendly crimson imp and a friendly white
imp.

Vanquished Creatures
  A bullfrog zombie (D:5)
  4 worker ants (D:4)
  2 adders
  A worm (D:3)
  4 bats
  A giant cockroach (D:3)
  6 goblins
  6 hobgoblins
  3 jackals
  2 kobolds (D:3)
  3 quokkas
  A frilled lizard (D:2)
  4 rats
38 creatures vanquished.

Vanquished Creatures (collateral kills)
  A black bear (D:4)
  A phantom (D:4)
  Dowan (D:5)
  An orc priest (D:5)
  A gnoll shaman (D:5)
  2 adders
  7 gnolls
  A worm (D:3)
  3 dart slugs
  A leopard gecko (D:2)
  5 orcs
  A ball python (D:2)
  A giant cockroach (D:1)
  5 goblins (D:1)
  4 hobgoblins
  8 jackals
  A quokka (D:5)
  7 bats
  3 frilled lizards
  5 kobolds
  A leopard gecko skeleton (D:5)
  A leopard gecko zombie (D:5)
  2 rats (D:1)
63 creatures vanquished.

Vanquished Creatures (others)
  A wizard (D:3)
  An ogre (D:4)
  A hound (D:4)
  An orc wizard (D:4)
  2 adders (D:4)
  An adder skeleton (D:4)
  A leopard gecko (D:4)
  A giant cockroach (D:4)
  A kobold (D:2)
  A frilled lizard (D:4)
11 creatures vanquished.

Grand Total: 112 creatures vanquished

Notes
Turn   | Place    | Note
-------+----------+-------------------------------------------
     0 | D:1      | pikmin25 the Deep Elf Summoner began the quest for the Orb.
     0 | D:1      | Reached XP level 1. HP: 10/10 MP: 6/6
   918 | D:1      | Reached XP level 2. HP: 15/15 MP: 4/8
  1821 | D:1      | Learned a level 2 spell: Call Imp
  1858 | D:2      | Reached skill level 5 in Summonings
  1860 | D:2      | Reached XP level 3. HP: 13/19 MP: 0/10
  2215 | D:2      | Found a radiant altar of Vehumet.
  2323 | D:2      | Found an opulent altar of Gozag.
  2542 | D:3      | Found a bloodstained altar of Trog.
  2718 | D:3      | Noticed a wizard
  2722 | D:3      | Killed a wizard
  2838 | D:3      | Reached skill level 1 in Short Blades
  2838 | D:3      | Reached XP level 4. HP: 22/24 MP: 11/11
  3013 | D:3      | Found a hide-covered altar of Uskayaw.
  3023 | D:3      | Found a snail-covered altar of Cheibriados.
  3031 | D:3      | Found a shimmering altar of Xom.
  3204 | D:4      | Noticed a black bear
  3204 | D:4      | Killed an ogre
  3212 | D:4      | Killed a black bear
  3362 | D:4      | Reached XP level 5. HP: 22/28 MP: 13/13
  3563 | D:4      | Found a shimmering altar of Xom.
  3621 | D:4      | Got an ichor-stained mace
  3622 | D:4      | Identified the +0 mace of Kegoibbi {holy, rElec rPois} (You
                  | found it on level 4 of the Dungeon)
  3869 | D:4      | Noticed a phantom
  3965 | D:4      | Killed a phantom
  3965 | D:4      | Reached skill level 6 in Summonings
  3965 | D:4      | Reached XP level 6. HP: 28/33 MP: 14/14
  4104 | D:5      | Entered Level 5 of the Dungeon
  4190 | D:5      | Reached skill level 5 in Spellcasting
  4208 | D:5      | Found Goenosh's Armour Emporium.
  4225 | D:5      | Noticed a sky beast
  4535 | D:5      | Noticed Duvessa
  4535 | D:5      | Noticed Dowan
  4560 | D:5      | Killed Dowan
  4578 | D:5      | Mangled by Duvessa

Skill      XL: |  1  2  3  4  5  6 |
---------------+-------------------+-----
Summonings     | 5 6 |  6.4
Short Blades   | 1 2 |  2.3
Stealth        | 3 |  3.8
Spellcasting   | 4 5 |  5.2
Dodging        | 3 |  3.0
Fighting       | |  0.7
Maces & Flails | |  0.2

Action                   |  1- 3 |  4- 6 || total
-------------------------+-------+-------++-------
Melee: Unarmed           |     6 |       ||     6
       Dagger            |    41 |    67 ||   108
       Mace              |       |    25 ||    25
 Cast: Summon Small Mamm |    57 |    14 ||    71
       Call Imp          |    11 |    30 ||    41
  Use: Potion            |     4 |     4 ||     8
       Scroll            |     1 |       ||     1
 Stab: Sleeping          |     6 |     2 ||     8
       Distracted        |       |     2 ||     2
  Eat: Chunk             |     6 |     4 ||    10
       Ration            |       |     1 ||     1
Armor: Robe              |    12 |    30 ||    42
Dodge: Dodged            |    58 |    91 ||   149
